 Dungeon Crawl Stone Soup version 0.29-a0-286-g41199d4a87 (webtiles) character file.

Game seed: 9835276297157653800

195 namelastname112 the Sneak (level 5, 0/45 HPs)
             Began as a Draconian Brigand on Mar 16, 2022.
             Slain by an orc
             ... wielding a +0 club
              (2 damage)
             ... on level 4 of the Dungeon.
             The game lasted 00:02:00 (1949 turns).

namelastname112 the Sneak (Draconian Brigand)       Turns: 1949, Time: 00:02:00

Health: 0/45       AC:  6    Str: 19    XL:     5   Next: 45%
Magic:  5/5        EV: 12    Int: 12    God:
Gold:   175        SH:  5    Dex: 14    Spells: 4/4 levels left

rFire   + . .      SeeInvis .   a - +2 dagger
rCold   . . .      Faith    .   (no shield)
rNeg    . . .      Spirit   .   (body armour unavailable)
rPois   .          Reflect  +   (helmet restricted)
rElec   .          Harm     .   b - +0 cloak
rCorr   .          Rampage  .   (no gloves)
Will    .....                   (no boots)
Stlth   +++.......              g - amulet of reflection
HPRegen 0.15/turn               e - ring of protection from fire
MPRegen 0.09/turn               q - +6 ring of strength

@: no status effects
A: AC +5, unfitting armour, cold-blooded
a: no special abilities


You were on level 4 of the Dungeon.
You visited 1 branch of the dungeon, and saw 4 of its levels.

You collected 175 gold pieces.

Inventory:

Hand Weapons
 a - a +2 dagger (weapon)
Missiles
 c - 13 poisoned darts
 d - 3 curare-tipped darts
 r - 6 atropa-tipped darts (quivered)
Armour
 b - a +0 cloak (worn)
Jewellery
 e - a ring of protection from fire (left hand)
 g - an amulet of reflection (around neck)
 n - a ring of magical power
 q - a +6 ring of strength (right hand)
Wands
 t - a wand of digging (5)
Scrolls
 f - 4 scrolls of identify {unknown}
 i - a scroll of enchant weapon {unknown}
 k - a scroll of immolation {unknown}
 l - a scroll of torment {unknown}
 m - 2 scrolls of blinking {unknown}
 o - a scroll of teleportation {unknown}
 p - a scroll of fear {unknown}
 u - a scroll of fog {unknown}
Potions
 h - a potion of heal wounds
 j - a potion of curing {unknown}
 s - a potion of attraction {unknown}


   Skills:
 + Level 3.3 Fighting
 + Level 3.1 Short Blades
 + Level 2.7 Throwing
 + Level 2.2 Dodging
 + Level 4.3 Stealth


You had 4 spell levels left.
You didn't know any spells.
Your spell library was empty.

Dungeon Overview and Level Annotations

Branches:
Dungeon (4/15)
 Temple: D:4-7

Altars:
Dithmenos


Innate Abilities, Weirdness & Mutations

Your plain brown scales are hard. (AC +5)
You cannot fit into any form of body armour.
You are cold-blooded and may be slowed by cold attacks.


Message History

You closely miss the orc priest!
The orc priest is almost dead!
The orc hits you with a +0 club!
The orc priest hits you with a +0 mace!!! * * * don't die
* * * You take 11 damage, and have 7/45 hp!
MASSIVE DAMAGE!!!!!!
You stick the orc priest but do no damage!
The orc priest is almost dead!
The orc completely misses you!
The orc priest hits you with a +0 mace! * * * don't die
* * * You take 4 damage, and have 3/45 hp!
It was a potion of heal wounds!
You feel much better!
The orc priest hits you with a +0 mace! * * * don't die
* * * The orc hits you but does no damage!
You regained 10 hp, and now have 13/45 hp!
You skewer the orc priest like a kebab!
The orc priest is almost dead!
You block the orc priest's attack!
The orc hits you with a +0 club! * * * don't die
* * * You take 3 damage, and have 10/45 hp!
You skewer the orc priest but do no damage!
The orc priest is almost dead!
You stick the orc priest like a pincushion!
You annihilate the orc priest!!!
The orc hits you with a +0 club! * * * don't die
* * * You take 3 damage, and have 7/45 hp!
You stick the orc like a pincushion!
Your tail-slap misses the orc!
The orc is lightly wounded!
The orc hits you with a +0 club! * * * don't die
* * * You take 5 damage, and have 2/45 hp!
You skewer the orc like a kebab!
The orc is almost dead!
You block the orc's attack!
You perforate the orc but do no damage!
The orc is almost dead!
The orc hits you with a +0 club! rip

#...#. >... ..#
.<... .... ..# ....
........ ..# ...#
#........##.# ...
..........#.#
..###....... #...##
...#....... #)o.#
).......># ##@.#
........# #.#.#
.......## ##)###
......## #)##
.......#######.#
..............##
....<..........#
........##.....#
........##........#


You could see an orc.

Vanquished Creatures
  Crazy Yiuf (D:3)
  An orc priest (D:4)
  Terence (D:2)
  An orc wizard (D:4)
  3 adders
  A worm (D:2)
  A dart slug (D:2)
  3 orcs
  2 ball pythons
  2 bats
  4 endoplasms
  3 giant cockroaches
  3 goblins
  4 hobgoblins
  3 jackals (D:1)
  7 kobolds
  4 quokkas
  2 frilled lizards
  7 rats
53 creatures vanquished.

Notes
Turn   | Place    | Note
-------+----------+-------------------------------------------
     0 | D:1      | namelastname112 the Draconian Brigand began the quest for
                  | the Orb.
     0 | D:1      | Reached XP level 1. HP: 17/17 MP: 1/1
    27 | D:1      | Reached skill level 1 in Dodging
   135 | D:1      | Found a faded altar of an unknown god.
   165 | D:1      | Reached XP level 2. HP: 25/25 MP: 2/2
   508 | D:2      | Reached XP level 3. HP: 18/30 MP: 3/3
   701 | D:2      | Noticed Terence
   705 | D:2      | Killed Terence
   706 | D:2      | Reached skill level 4 in Stealth
   962 | D:2      | Reached XP level 4. HP: 37/37 MP: 4/4
   995 | D:2      | Found a shadowy altar of Dithmenos.
  1547 | D:3      | Found a runed translucent door.
  1548 | D:3      | Noticed Crazy Yiuf
  1558 | D:3      | Killed Crazy Yiuf
  1776 | D:3      | Reached XP level 5. HP: 45/45 MP: 5/5
  1888 | D:4      | Noticed a phantom
  1947 | D:4      | HP: 2/45 [orc/+0 club (5)]
  1949 | D:4      | Slain by an orc

Illustrated notes

Levels and vault maps discovered:
D:1:      ncdulo_wetmaze, layout_rooms, chequers_ecumenical_altar_simple_redux
D:2:      layout_basic, basic_altar, grunt_ministairs_14,
          hangedman_decor_riveting, uniq_terence
D:3:      layout_basic, serial_bayou_pond_b, uniq_crazy_yiuf_cottage
D:4:      layout_layer_cave, portal_sewer_entry_f, uniq_edmund

Skill      XL: |  1  2  3  4  5 |
---------------+----------------+-----
Dodging        | 1 2 |  2.2
Throwing       | 2 |  2.7
Stealth        | 4 |  4.3
Fighting       | 3 |  3.3
Short Blades   | 3 |  3.1

Action                   |  1- 3 |  4- 6 || total
-------------------------+-------+-------++-------
Melee: Dagger            |    91 |   100 ||   191
       Tailslap          |    12 |    15 ||    27
       Punch             |       |     1 ||     1
Throw: Dart              |       |     2 ||     2
  Use: Potion            |       |     1 ||     1
 Stab: Sleeping          |     7 |     5 ||    12
       Invisible         |       |     1 ||     1
Armor: Skin              |    25 |    24 ||    49
Dodge: Dodged            |    40 |    45 ||    85
Block: Other             |     8 |    17 ||    25

Table legend: (Time is in decaauts)
 A = Elapsed time spent in this place.
 B = Non-inter-level travel time spent in this place.
 C = Inter-level travel time spent in this place.
 D = Time resting spent in this place.
 E = Time spent auto-exploring this place.
 F = Levels seen in this place.
 G = Mean time per level.
                   A        B        C        D        E       F      G
               +--------+--------+--------+--------+--------+-----+--------+
         Total |   1934 |   1862 |     72 |    113 |   1335 |   4 |  483.5 |
       Dungeon |   1934 |   1862 |     72 |    113 |   1335 |   4 |  483.5 |
               +--------+--------+--------+--------+--------+-----+--------+

Top non-repeatable levels by time:
     D:3: 677 daAuts
     D:2: 646 daAuts
     D:1: 478 daAuts
     D:4: 132 daAuts
